 Dungeon Crawl Stone Soup version 0.30-a0-603-g51a0fb1b98 (webtiles) character file.

Game seed: 16928402862799124520

926 Leeroy the Martial Artist (level 7, -18/52 HPs)
             Began as a White Draconian Transmuter on Jan 7, 2023.
             Was a Follower of Wu Jian.
             Killed from afar by a steam dragon (29 damage)
             ... with a ball of steam
             ... on level 6 of the Dungeon.
             The game lasted 00:06:00 (4714 turns).

Leeroy the Martial Artist (DrTm)                    Turns: 4714, Time: 00:06:00

Health: -18/52     AC:  2    Str: 12    XL:     7   Next: 85%
Magic:  8/10       EV: 19    Int: 15    God:    Wu Jian [*.....]
Gold:   328        SH:  0    Dex: 17    Spells: 0/10 levels left

rFire   . . .      SeeInvis .      - Unarmed
rCold   . . .      Faith    .    (shield currently unavailable)
rNeg    . . .      Spirit   .    (body armour unavailable)
rPois   x          Reflect  .    (helmet currently unavailable)
rElec   .          Harm     .    (cloak currently unavailable)
rCorr   .          Rampage  .    (gloves currently unavailable)
Will    .....                    (boots currently unavailable)
Stlth   ++                       (no amulet)
HPRegen 0.28/turn                (no ring)
MPRegen 0.12/turn                (no ring)

@: spider-form (expiring)
A: venomous fangs, (breathe frost), AC +6, tiny, unfitting armour, (cold
resistance 1), (cold-blooded)
a: End Transformation, Renounce Religion


You were on level 6 of the Dungeon.
You worshipped Wu Jian.
Wu Jian was aware of your devotion.
You were a venomous arachnid creature.
You visited 1 branch of the dungeon, and saw 6 of its levels.

You collected 328 gold pieces.

Inventory:

Hand Weapons
 a - a +1 whip of venom
 j - a +1 dagger of holy wrath
 y - a +2 whip of venom
 C - a +4 heavy spear
 E - a +4 quarterstaff of chaos
Missiles
 A - a boomerang
Armour
 k - a +1 hat (melded)
 m - a +0 pair of gloves (melded)
 F - a +2 cloak (melded)
Wands
 o - a wand of charming (19)
Scrolls
 b - 2 scrolls of acquirement {unknown}
 c - 9 scrolls of identify {unknown}
 d - 2 scrolls of noise {unknown}
 g - 4 scrolls of enchant armour
 h - 3 scrolls of teleportation {unknown}
 l - a scroll of vulnerability {unknown}
 n - a scroll of butterflies {unknown}
 r - a scroll of silence {unknown}
 s - 2 scrolls of fog {unknown}
 t - 2 scrolls of enchant weapon {unknown}
 u - a scroll of amnesia {unknown}
 x - a scroll of torment {unknown}
 B - a scroll of blinking {unknown}
 G - a scroll of brand weapon {unknown}
Potions
 e - a potion of magic {unknown}
 f - a potion of invisibility {unknown}
 i - 2 potions of curing {unknown}
 q - 4 potions of might {unknown}
 v - a potion of degeneration {unknown}
 w - a potion of ambrosia {unknown}
 z - a potion of attraction {unknown}
 D - a potion of brilliance {unknown}


   Skills:
 - Level 1.1 Fighting
 - Level 1.7 Dodging
 + Level 8.2 Unarmed Combat
 - Level 2.0 Spellcasting
 * Level 4.8 Transmutations
 * Level 2.0 Ice Magic


You couldn't memorise any spells.
You knew the following spells:

 Your Spells              Type           Power      Damage    Failure   Level
a - Beastly Appendage     Tmut           30%        N/A       11%         1
b - Spider Form           Tmut/Pois      8%         N/A       47%         3
c - Wereblood             Tmut           15%        N/A       14%         2
d - Ice Form              Ice/Tmut       11%        N/A       69%         4

Your spell library contained the following spells:

 Spells                   Type           Power      Damage    Failure   Level
 Shock                    Conj/Air       4%         1d3       43%         1
 Swiftness                Air            1%         N/A       75%         3
 Airstrike                Air            0%         2d(1-17)  98%         4


Dungeon Overview and Level Annotations

Branches:
Dungeon (6/15)
 Temple: D:4-7

Altars:
Elyvilon
Fedhas
Gozag
Wu Jian

Shops:
D:1 !

Annotations:
D:3 3 runed translucent doors, Notanamesir's ghost, weakling DsFi


Innate Abilities, Weirdness & Mutations

You are a venomous arachnid creature.
You have poisonous fangs.
You are tiny and dextrous.
Your spellcasting is less reliable in this form.
Your armour is entirely melded.
You are incapable of wielding weapons or throwing items.
((You can breathe waves of freezing cold which knock back foes.))
((Your icy white scales are hard. (AC +6)))
You cannot fit into any form of body armour.
((Your flesh is cold resistant. (rC+)))
((You are cold-blooded and may be slowed by cold attacks.))


Message History

A wight comes into view. It is wielding a +5 battleaxe.
You closely miss something. Something hits you.
* * * LOW HITPOINT WARNING * * *
Something shocks you.
* * * LOW HITPOINT WARNING * * *
A bullfrog comes into view.
You feel much better.
Your transformation is almost over.
Something misses you.
You miss something.
You have got your breath back.
Something barely misses you.
You bite something! The Council accepts your kill.
Reactivating autopickup.
You feel a bit more experienced.
Your Ice Magic skill increases to level 2!
You hit the bullfrog.
The bullfrog is poisoned.
The bullfrog is moderately wounded.
The bullfrog hits you! The bullfrog completely misses you.
You hit the bullfrog.
The bullfrog looks as sick as possible!
The bullfrog is moderately wounded.
The bullfrog completely misses you. The bullfrog attacks as you move away!
The bullfrog closely misses you.
Found a stone staircase leading down and a stone staircase leading up.
A steam dragon comes into view.
The bullfrog hits you.
* * * LOW HITPOINT WARNING * * *
The steam dragon hisses angrily.
You hit the bullfrog.
The bullfrog looks as sick as possible!
The bullfrog is severely wounded.
The bullfrog closely misses you.
As you read the scroll labelled YFIRGH BIPA, it crumbles to dust.
It is a scroll of enchant armour.
Your +0 hat glows green for a moment.
The bullfrog hits you.
* * * LOW HITPOINT WARNING * * *
The steam dragon breathes steam at you. The ball of steam hits you!!
Ouch! That really hurt!
You die...

....#..#####..#
.... ##.# #.## <...
... ####.####
...##..###.......#
#...............#
>##....###........#
.D§§... ##.......#
##.§§§####.......#
#.....sFzzz......#
.......####.......#
#####.# #..)....#
#. #.)†....# #
###.##### ..z .....
$...... .........


You could see a bullfrog (extremely poisoned) and 3 wights.

Vanquished Creatures
  A sky beast (D:6)
  An ogre (D:5)
  A gnoll sergeant (D:5)
  2 scorpions (D:5)
  2 wights (D:6)
  A howler monkey (D:6)
  A jelly (D:5)
  Crazy Yiuf (D:5)
  4 iguanas
  An orc wizard (D:5)
  9 gnolls
  9 adders
  3 worms
  A dart slug (D:1)
  8 orcs (D:5)
  5 ball pythons
  5 endoplasms
  3 giant cockroaches
  8 goblins
  4 hobgoblins
  3 jackals (D:1)
  A kobold (D:2)
  A quokka (D:2)
  A bat (D:3)
  2 frilled lizards
  6 rats
84 creatures vanquished.

Notes
Turn   | Place    | Note
-------+----------+-------------------------------------------
     0 | D:1      | Leeroy the Draconian Transmuter began the quest for the
                  | Orb.
     0 | D:1      | Reached XP level 1. HP: 16/16 MP: 3/3
    99 | D:1      | Reached XP level 2. HP: 23/23 MP: 5/5
   132 | D:1      | Found Rogeb's Distillery.
   324 | D:1      | Found a faded altar of an unknown god.
   353 | D:1      | Reached skill level 4 in Unarmed Combat
   782 | D:2      | Reached XP level 3. HP: 28/28 MP: 4/6
   786 | D:2      | Learned a level 3 spell: Spider Form
   789 | D:2      | Learned a level 2 spell: Wereblood
  1013 | D:2      | Reached skill level 5 in Unarmed Combat
  1013 | D:2      | Reached XP level 4. HP: 34/35 MP: 7/7
  1663 | D:3      | Found an opulent altar of Gozag.
  1954 | D:3      | Found an ornate altar of the Wu Jian Council.
  1954 | D:3      | Found a white marble altar of Elyvilon.
  1954 | D:3      | Found a blossoming altar of Fedhas.
  1960 | D:3      | Became a worshipper of the Wu Jian Council
  2222 | D:3      | Found a runed translucent gate.
  2222 | D:3      | Found a runed translucent gate.
  2223 | D:3      | Found a runed translucent gate.
  2225 | D:3      | Noticed Notanamesir's ghost (weakling DsFi)
  2603 | D:3      | Reached XP level 5. HP: 17/40 MP: 5/8
  3054 | D:4      | Reached skill level 6 in Unarmed Combat
  3156 | D:4      | You fall into a shaft and drop 1 floor!
  3156 | D:5      | Entered Level 5 of the Dungeon
  3295 | D:5      | Found a runed translucent door.
  3296 | D:5      | Noticed Crazy Yiuf
  3327 | D:5      | Reached XP level 6. HP: 29/47 MP: 7/9
  4036 | D:5      | Reached skill level 7 in Unarmed Combat
  4047 | D:5      | Reached * piety under Wu Jian
  4052 | D:5      | Your scales start taking on an icy white colour.
  4052 | D:5      | Reached XP level 7. HP: 25/52 MP: 3/10
  4052 | D:5      | Gained mutation: Your flesh is cold resistant. (rC+) [White
                  | Draconian growth]
  4249 | D:5      | Learned a level 4 spell: Ice Form
  4542 | D:5      | Killed Crazy Yiuf
  4683 | D:6      | Reached skill level 1 in Ice Magic
  4703 | D:6      | Reached skill level 8 in Unarmed Combat
  4712 | D:6      | Noticed a steam dragon
  4714 | D:6      | Killed from afar by a steam dragon

Illustrated notes

Levels and vault maps discovered:
D:1:      lightli_arrival_statue_moat, layout_basic, serial_shops, shop,
          ebering_ecumenical_altar_mist
D:2:      layout_basic
D:3:      layout_basic, nicolae_gozag_cash_rules_everything_around_me,
          chequers_temple_overflow_statue_of_worship,
          gammafunk_ghost_necromancy, minmay_door_square,
          nicolae_concentric_dashed_squares_mild, palyth_stone_intersect
D:4:      layout_rooms, nicolae_hexahallways
D:5:      layout_basic, grunt_decor_one_mirror, uniq_crazy_yiuf_cottage
D:6:      layout_rooms, uniq_sigmund

Skill      XL: |  1  2  3  4  5  6  7 |
---------------+----------------------+-----
Unarmed Combat | 4 5 6 7 8 |  8.2
Transmutations | 3 4 |  4.8
Ice Magic      | 2 |  2.0
Fighting       | |  1.1
Dodging        | |  1.7
Spellcasting   | |  2.0

Action                   |  1- 3 |  4- 6 |  7- 9 || total
-------------------------+-------+-------+-------++-------
Melee: Unarmed           |   110 |   153 |    48 ||   311
       Tailslap          |    13 |    16 |     1 ||    30
       Punch             |     2 |     2 |       ||     4
       Kick              |     5 |    16 |     1 ||    22
       Headbutt          |     3 |     5 |     1 ||     9
 Cast: Beastly Appendage |     5 |     8 |     1 ||    14
       Spider Form       |       |     6 |     4 ||    10
       Wereblood         |       |     2 |       ||     2
Invok: Lunge             |       |     9 |     2 ||    11
       Whirlwind         |       |       |     1 ||     1
 Abil: Breathe Frost     |       |       |     1 ||     1
  Use: Potion            |       |     2 |     1 ||     3
       Scroll            |       |       |     1 ||     1
 Stab: Sleeping          |     1 |     1 |       ||     2
Armor: Skin              |    27 |    45 |     8 ||    80
Dodge: Dodged            |    47 |    97 |    29 ||   173

Table legend: (Time is in decaauts)
 A = Elapsed time spent in this place.
 B = Non-inter-level travel time spent in this place.
 C = Inter-level travel time spent in this place.
 D = Time resting spent in this place.
 E = Time spent auto-exploring this place.
 F = Levels seen in this place.
 G = Mean time per level.
                   A        B        C        D        E       F      G
               +--------+--------+--------+--------+--------+-----+--------+
         Total |   4686 |   4418 |    268 |    790 |   2941 |   6 |  781.0 |
       Dungeon |   4686 |   4418 |    268 |    790 |   2941 |   6 |  781.0 |
               +--------+--------+--------+--------+--------+-----+--------+

Top non-repeatable levels by time:
     D:3: 1530 daAuts
     D:5: 1441 daAuts
     D:2: 739 daAuts
     D:1: 729 daAuts
     D:4: 145 daAuts
     D:6: 101 daAuts
